 Dungeon Crawl Stone Soup version 0.31-a0-237-g2d982f9f85 (webtiles) character file.

Game seed: 14778382194309242386

11188 qw the Marksminotaur (level 11, -12/99 HPs)
             Began as a Minotaur Hexslinger on July 10, 2023.
             Was an Elder of Okawaru.
             Mangled by a death yak (17 damage)
             ... on level 2 of the Lair of Beasts.
             The game lasted 00:04:30 (9310 turns).

qw the Marksminotaur (Minotaur Hexslinger)          Turns: 9310, Time: 00:04:31

Health: -12/99     AC: 15    Str: 12    XL:     11   Next: 46%
Magic:  11/13      EV: 23    Int:  7    God:    Okawaru [****..]
Gold:   720        SH:  0    Dex: 21    Spells: 11/12 levels left

rFire   . . .        Y - +0 orcbow
rCold   . . .        (shield currently unavailable)
rNeg    . . .        g - +2 ring mail {rPois}
rPois   +            (helmet restricted)
rElec   .            r - +0 cloak
rCorr   .            a - +0 pair of gloves
SInv    .            b - +0 pair of boots
Will    +....        (no amulet)
Stlth   +++          h - +5 ring of evasion
HPRegen 0.36/turn    (no ring)
MPRegen 0.13/turn

%: no passive effects
@: heroic, marked
A: horns 2, retaliatory headbutt, iridescent scales 1, agile 1, dopey 1,
strong-willed 1, noise suppression
a: Renounce Religion, Heroism, Finesse


You were on level 2 of the Lair of Beasts.
You worshipped Okawaru.
Okawaru was greatly pleased with you.
You visited 3 branches of the dungeon, and saw 12 of its levels.

You collected 720 gold pieces.


Innate Abilities, Weirdness & Mutations

You have a pair of horns on your head.
You reflexively headbutt those who attack you in melee.
You are partially covered in iridescent scales. (AC +2)
You are agile. (Dex +4, Str/Int -1)
You are dopey. (Int -2)
You are strong-willed. (Will+)
You passively dampen the noise of your surroundings.


   Skills:
 - Level 10.0(15.0) Fighting
 - Level 15.0(20.0) Ranged Weapons
 - Level 5.3(10.3) Armour
 + Level 6.1(11.1) Dodging
 - Level 1.0 Spellcasting
 - Level 2.0 Hexes
 + Level 5.1 Invocations


You had 11 spell levels left.
You knew the following spells:

 Your Spells              Type           Power      Damage    Failure   Level
a - Slow                  Hex            12%        N/A       34%         1

Your spell library contained the following spells:

 Spells                   Type           Power      Damage    Failure   Level
 Inner Flame              Hex/Fire       1%         N/A       85%         3
 Portal Projectile        Hex/Tloc       2%         N/A       85%         3
 Cause Fear               Hex            1%         N/A       98%         4

Inventory:

Hand Weapons
 Y - a +0 orcbow (weapon)
Armour
 a - a +0 pair of gloves (worn)
 b - a +0 pair of boots (worn)
 g - a +2 ring mail of poison resistance (worn)
 k - a +2 robe of cold resistance
 p - a +0 ring mail of fire resistance
 r - a +0 cloak (worn)
Jewellery
 d - a ring of ice
 h - a +5 ring of evasion (left hand)
 i - a ring of poison resistance
Scrolls
 c - a scroll of identify
 m - a scroll of noise {unknown}
Potions
 e - 2 potions of curing
 l - a potion of invisibility {unknown}
 n - a potion of haste {unknown}
 q - a potion of enlightenment {unknown}

Dungeon Overview and Level Annotations

Branches:
Dungeon (9/15)             Temple (1/1) D:5            Lair (1/5) D:9
    Orc: D:9-12

Altars:
Ashenzari
Cheibriados
Elyvilon
Fedhas
Gozag
Hepliaklqana
Kikubaaqudgha
Makhleb
Nemelex Xobeh
Okawaru
Qazlal
Ru
Sif Muna
Trog
Vehumet
Wu Jian
Xom
Yredelemnul
Zin
The Shining One

Shops:
D:7 (   D:9 (

Annotations:
D:5 3 runed translucent doors, qw's ghost, amateur MiHs


Message History

The wyvern barely misses you. You furiously retaliate!
You headbutt the wyvern. You shoot an arrow.
The arrow hits the death yak but does no damage.
The death yak is lightly wounded.
The wyvern closely misses you. You furiously retaliate!
You headbutt the wyvern. The death yak gores you!
You shoot an arrow. The arrow hits the death yak!
The death yak is moderately wounded.
The wyvern bites you.
You shoot an arrow. The arrow barely misses the death yak.
The arrow hits the death yak!
The death yak is lightly wounded.
The death yak barely misses you. The wyvern bites you! The death yak gores you.
You shoot an arrow. The arrow hits the death yak.
The death yak is moderately wounded.
You feel like a meek peon again. The wyvern completely misses you.
You furiously retaliate!
You headbutt the wyvern! The death yak closely misses you.
The death yak barely misses you. You furiously retaliate!
You headbutt the death yak. The death yak gores you! The death yak misses you.
9308 ||| INVOKING Heroism.
You gain the combat prowess of a mighty hero.
The wyvern barely misses you.
The death yak gores you but does no damage.
The death yak gores you. The death yak misses you. You furiously retaliate!
You headbutt the death yak! The wyvern misses you.
You shoot an arrow.
The arrow hits the wyvern but does no damage.
The wyvern is heavily wounded.
The wyvern misses you. The death yak misses you. The death yak gores you!
The death yak misses you. You furiously retaliate!
You headbutt the death yak! The death yak misses you.
You shoot an arrow. The arrow hits the wyvern.
The wyvern is severely wounded.
The wyvern misses you. The death yak misses you.
The death yak barely misses you. The death yak misses you.
You furiously retaliate!
You headbutt the death yak! The death yak completely misses you.
You furiously retaliate!
You headbutt the death yak. The death yak gores you!
You die...

#### ## #### #####P.#
#.####..###..#YY.#####.
#.............Y@%......
#.............YYl.....P
#.....%.......%..#.#PPP
#....##PP###...#.......
#..............P.......
##...........#..+.......
#....#.......#..#..... .
#...............#......
#....P.......#.


You could see 5 death yaks and a wyvern.

Vanquished Creatures
  A hydra (Lair:2)
  A two-headed ogre (D:9)
  A death yak (Lair:2)
  Pikel (D:6)
  3 elephants (Lair:2)
  A black mamba (Lair:1)
  A cane toad (Lair:2)
  Maggie (D:7)
  A rime drake (Lair:1)
  2 kobold demonologists (D:9)
  Prince Ribbit (D:7)
  2 hornets
  Eustachio (D:5)
  A wyvern (Lair:2)
  6 yaks (D:9)
  A steam dragon (D:6)
  Menkaure (D:7)
  3 water moccasins
  4 ice beasts
  An orc warrior (D:9)
  3 sky beasts
  A black bear (D:5)
  A centaur (D:9)
  2 ogres
  A lemure (D:7)
  4 phantoms
  4 kobold brigands
  A gnoll sergeant (D:5)
  4 bullfrogs
  A water moccasin zombie (D:4)
  2 scorpions
  9 wights
  3 killer bees (D:7)
  A howler monkey (D:6)
  A vampire bat (D:5)
  An electric eel (D:9)
  A bullfrog zombie (D:4)
  2 jellies
  2 gnoll boudas
  A centaur skeleton (D:4)
  5 hounds
  5 orc priests
  A sleepcap (D:4)
  Jessica (D:2)
  5 iguanas
  4 orc wizards
  A scorpion zombie (D:4)
  A hound zombie (D:4)
  A hound skeleton (D:4)
  12 gnolls
  8 adders
  2 shadow imps
  A white imp (D:6)
  An ufetubus (D:4)
  An adder skeleton (D:4)
  A worm (D:4)
  2 dart slugs
  3 fire bats (D:5)
  21 orcs
  2 spectral bats (D:5)
  3 bat skeletons (D:5)
  A bat zombie (D:5)
  7 endoplasms
  3 giant cockroaches (D:1)
  5 goblins
  7 hobgoblins
  29 kobolds
  4 quokkas
  4 ball pythons
  13 bats
  A bat simulacrum (D:5)
  5 frilled lizards
  5 rats
244 creatures vanquished.

Notes
Turn   | Place    | Note
-------+----------+-------------------------------------------
     0 | D:1      | qw the Minotaur Hexslinger began the quest for the Orb.
     0 | D:1      | Reached XP level 1. HP: 16/16 MP: 1/1
     0 | D:1      | 0 ||| qw: Version: 0.3-a-52-g30416fa
     0 | D:1      | 0 ||| qw: Game counter: 5315
     0 | D:1      | 0 ||| qw: Melee chars always use a shield: true
     0 | D:1      | 0 ||| qw: God list: Okawaru
     0 | D:1      | 0 ||| qw: Allow faded altars: false
     0 | D:1      | 0 ||| qw: Do Orc after clearing Dungeon:15 true
     0 | D:1      | 0 ||| qw: Do second Lair branch before Depths: true
     0 | D:1      | 0 ||| qw: Lair rune preference: random
     0 | D:1      | 0 ||| qw: Goals: Normal
     0 | D:1      | 0 ||| PLANNING D:1-11
    98 | D:1      | Reached skill level 3 in Ranged Weapons
    99 | D:1      | Reached XP level 2. HP: 23/23 MP: 2/2
   360 | D:1      | Reached XP level 3. HP: 27/29 MP: 3/3
   411 | D:1      | You fall into a shaft and drop 1 floor!
   504 | D:2      | 504 ||| UPGRADING to +0 leather armour.
   514 | D:2      | 514 ||| DROPPING +0 robe.
   515 | D:2      | 515 ||| UPGRADING to +2 ring mail of poison resistance.
   525 | D:2      | 525 ||| DROPPING +0 leather armour.
   526 | D:2      | 526 ||| UPGRADING to +5 ring of evasion.
   527 | D:2      | 527 ||| READING scroll labelled GUSKONNUUMI.
   528 | D:2      | 528 ||| READING scroll labelled WEAXI MAEV.
   529 | D:2      | 529 ||| DROPPING scroll of poison.
   532 | D:2      | Noticed Jessica
   536 | D:2      | Killed Jessica
   537 | D:2      | Reached skill level 4 in Ranged Weapons
   755 | D:2      | Reached skill level 1 in Armour
   755 | D:2      | Reached XP level 4. HP: 36/36 MP: 4/4
   966 | D:2      | 966 ||| UPGRADING to +0 pair of gloves.
   971 | D:2      | 971 ||| READING scroll labelled HEPRER YGOIDD.
  1185 | D:3      | Reached skill level 5 in Ranged Weapons
  1308 | D:3      | Noticed a scorpion
  1318 | D:3      | Killed a scorpion
  1319 | D:3      | Reached skill level 3 in Fighting
  1319 | D:3      | Reached XP level 5. HP: 41/46 MP: 5/5
  1490 | D:3      | Found a faded altar of an unknown god.
  1844 | D:3      | 1844 ||| READING scroll labelled TULU DITOM.
  2035 | D:4      | Reached skill level 6 in Ranged Weapons
  2035 | D:4      | Reached XP level 6. HP: 49/52 MP: 6/6
  2186 | D:4      | Found a basalt altar of Yredelemnul.
  2301 | D:4      | Reached skill level 7 in Ranged Weapons
  2380 | D:4      | 2380 ||| Stepping ~*~*~tactically~*~*~ (outnumbered).
  2382 | D:4      | 2382 ||| Stepping ~*~*~tactically~*~*~ (outnumbered).
  2457 | D:4      | Reached XP level 7. HP: 55/59 MP: 7/7
  2614 | D:4      | Found a bloodstained altar of Trog.
  2623 | D:4      | Found a blossoming altar of Fedhas.
  2626 | D:4      | Found a white marble altar of Elyvilon.
  2626 | D:4      | Found a sparkling altar of Nemelex Xobeh.
  2634 | D:4      | Found a shimmering altar of Xom.
  2758 | D:4      | 2758 ||| UPGRADING to +0 pair of boots.
  2763 | D:4      | 2763 ||| DRINKING 2 viscous orange potions.
  2764 | D:4      | 2764 ||| READING 4 scrolls of identify.
  2764 | D:4      | 2764 ||| IDENTIFYING metallic inky potion
  2765 | D:4      | 2765 ||| READING 3 scrolls of identify.
  2765 | D:4      | 2765 ||| IDENTIFYING red potion
  2766 | D:4      | 2766 ||| READING 2 scrolls of identify.
  2766 | D:4      | 2766 ||| IDENTIFYING fizzy dark potion
  2767 | D:4      | 2767 ||| DROPPING potion of degeneration.
  2768 | D:4      | 2768 ||| DROPPING potion of magic.
  2785 | D:5      | Entered Level 5 of the Dungeon
  2794 | D:5      | 2794 ||| STAIRDANCE
  2900 | D:5      | Noticed Eustachio
  2925 | D:5      | Reached skill level 8 in Ranged Weapons
  2928 | D:5      | HP: 14/59 [river rat[Eustachio] (4)]
  2929 | D:5      | 2929 ||| DRINKING potion of heal wounds.
  2930 | D:5      | 2930 ||| Stepping ~*~*~tactically~*~*~ (outnumbered).
  2960 | D:5      | HP: 13/59 [white imp[Eustachio] (3)]
  2960 | D:5      | HP: 5/59 [Eustachio/+0 rapier (6)]
  2961 | D:5      | Killed Eustachio
  3149 | D:5      | Found a staircase to the Ecumenical Temple.
  3150 | D:5      | 3150 ||| PLANNING TEMPLE
  3166 | Temple   | Entered the Ecumenical Temple
  3166 | Temple   | Found a transporter.
  3166 | Temple   | Found a transporter.
  3168 | Temple   | Found a transporter.
  3168 | Temple   | Found a transporter.
  3178 | Temple   | 3178 ||| PLANNING D:1-11
  3183 | Temple   | 3183 ||| PLANNING OKAWARU WORSHIP
  3190 | Temple   | Became a worshipper of Warmaster Okawaru
  3191 | Temple   | 3191 ||| PLANNING D:1-11
  3232 | D:5      | 3232 ||| Stepping ~*~*~tactically~*~*~ (outnumbered).
  3234 | D:5      | 3234 ||| Stepping ~*~*~tactically~*~*~ (outnumbered).
  3250 | D:5      | Reached XP level 8. HP: 54/69 MP: 8/8
  3471 | D:5      | Reached skill level 9 in Ranged Weapons
  3541 | D:5      | Found a broken altar of Ashenzari.
  3683 | D:5      | Reached skill level 3 in Dodging
  3691 | D:5      | Found a runed translucent gate.
  3691 | D:5      | Found a runed translucent gate.
  3693 | D:5      | Found a runed translucent gate.
  3696 | D:5      | Noticed qw's ghost (amateur MiHs)
  3861 | D:5      | Reached skill level 6 in Fighting
  3989 | D:5      | Found a white marble altar of Elyvilon.
  4253 | D:5      | Reached skill level 10 in Ranged Weapons
  4259 | D:5      | Reached skill level 3 in Armour
  4502 | D:5      | 4502 ||| READING scroll labelled YTETHE LE BIVVO.
  4503 | D:5      | 4503 ||| READING scroll labelled SUOHUU EMMEV.
  4578 | D:6      | 4578 ||| Stepping ~*~*~tactically~*~*~ (cloud).
  4598 | D:6      | HP: 12/71 [steam dragon/ball of steam (13)]
  4599 | D:6      | 4599 ||| DRINKING potion of heal wounds.
  4600 | D:6      | Reached * piety under Okawaru
  4642 | D:6      | 4642 ||| INVOKING Heroism.
  4655 | D:6      | Reached skill level 1 in Invocations
  4928 | D:6      | Reached XP level 9. HP: 74/79 MP: 9/9
  4968 | D:6      | 4968 ||| INVOKING Heroism.
  4981 | D:6      | 4981 ||| INVOKING Heroism.
  5102 | D:6      | 5102 ||| Stepping ~*~*~tactically~*~*~ (outnumbered).
  5113 | D:6      | Reached skill level 3 in Invocations
  5597 | D:6      | 5597 ||| READING 2 scrolls of identify.
  5597 | D:6      | 5597 ||| IDENTIFYING clear potion
  5598 | D:6      | 5598 ||| DROPPING potion of berserk rage.
  5636 | D:7      | Noticed Pikel
  5637 | D:7      | 5637 ||| INVOKING Heroism.
  5657 | D:7      | 5657 ||| STAIRDANCE
  5659 | D:6      | 5659 ||| INVOKING Heroism.
  5663 | D:6      | Killed Pikel
  5735 | D:7      | Reached skill level 11 in Ranged Weapons
  5792 | D:7      | Noticed Menkaure
  5793 | D:7      | 5793 ||| FLEEEEING.
  5794 | D:7      | 5794 ||| FLEEEEING.
  5795 | D:7      | 5795 ||| FLEEEEING.
  5796 | D:7      | 5796 ||| FLEEEEING.
  5811 | D:7      | 5811 ||| FLEEEEING.
  5815 | D:7      | 5815 ||| FLEEEEING.
  5816 | D:7      | 5816 ||| FLEEEEING.
  5821 | D:7      | 5821 ||| FLEEEEING.
  5822 | D:7      | 5822 ||| FLEEEEING.
  5823 | D:7      | 5823 ||| STAIRDANCE
  5981 | D:7      | 5981 ||| INVOKING Heroism.
  5985 | D:7      | Killed Menkaure
  6038 | D:7      | Reached skill level 12 in Ranged Weapons
  6039 | D:7      | Reached ** piety under Okawaru
  6052 | D:7      | 6052 ||| SWAPPING to +0 orcbow.
  6053 | D:7      | 6053 ||| DROPPING +2 sling.
  6071 | D:7      | Noticed Maggie
  6083 | D:7      | 6083 ||| INVOKING Heroism.
  6087 | D:7      | Killed Maggie
  6088 | D:7      | Reached XP level 10. HP: 64/90 MP: 9/12
  6197 | D:7      | Found Duhanic's Weapon Boutique.
  6286 | D:7      | Noticed Prince Ribbit
  6303 | D:7      | Killed Prince Ribbit
  6396 | D:7      | Found a snail-covered altar of Cheibriados.
  6533 | D:7      | 6533 ||| UPGRADING to +0 cloak.
  6538 | D:7      | 6538 ||| READING scroll labelled UQUMNIMOSM.
  6539 | D:7      | 6539 ||| DROPPING potion of brilliance.
  6705 | D:8      | 6705 ||| FLEEEEING.
  6706 | D:8      | 6706 ||| FLEEEEING.
  6707 | D:8      | 6707 ||| FLEEEEING.
  6708 | D:8      | 6708 ||| FLEEEEING.
  6709 | D:8      | 6709 ||| FLEEEEING.
  6710 | D:8      | 6710 ||| FLEEEEING.
  6711 | D:8      | 6711 ||| FLEEEEING.
  6770 | D:8      | 6770 ||| Stepping ~*~*~tactically~*~*~ (outnumbered).
  6772 | D:8      | 6772 ||| Stepping ~*~*~tactically~*~*~ (outnumbered).
  6774 | D:8      | 6774 ||| Stepping ~*~*~tactically~*~*~ (outnumbered).
  6778 | D:8      | Reached *** piety under Okawaru
  6956 | D:8      | 6956 ||| INVOKING Heroism.
  7280 | D:8      | 7280 ||| READING scroll labelled COTSYG NUS.
  7281 | D:8      | 7281 ||| READING scroll labelled ATHRITTESTE.
  7382 | D:8      | 7382 ||| DRINKING 2 glowing green potions.
  7382 | D:8      | Gained mutation: You are agile. (Dex +4, Str/Int -1)
                  | [potion of mutation]
  7382 | D:8      | Gained mutation: You are frail. (-10% HP) [potion of
                  | mutation]
  7382 | D:8      | Gained mutation: You are resistant to electric shocks.
                  | (rElec) [potion of mutation]
  7383 | D:8      | 7383 ||| DRINKING potion of mutation.
  7383 | D:8      | Lost mutation: You are resistant to electric shocks.
                  | (rElec) [potion of mutation]
  7383 | D:8      | Lost mutation: You are frail. (-10% HP) [potion of
                  | mutation]
  7383 | D:8      | Gained mutation: You are dopey. (Int -2) [potion of
                  | mutation]
  7383 | D:8      | Gained mutation: You passively dampen the noise of your
                  | surroundings. [potion of mutation]
  7383 | D:8      | Gained mutation: You are strong-willed. (Will+) [potion of
                  | mutation]
  7383 | D:8      | Gained mutation: You are partially covered in iridescent
                  | scales. (AC +2) [potion of mutation]
  7407 | D:8      | 7407 ||| READING 2 scrolls of identify.
  7407 | D:8      | 7407 ||| IDENTIFYING sapphire potion
  7408 | D:8      | 7408 ||| DROPPING potion of ambrosia.
  7433 | D:9      | Noticed a two-headed ogre
  7434 | D:9      | 7434 ||| INVOKING Heroism.
  7447 | D:9      | Killed a two-headed ogre
  7448 | D:9      | Reached skill level 13 in Ranged Weapons
  7598 | D:9      | Reached skill level 9 in Fighting
  7722 | D:9      | Found a staircase to the Lair.
  7726 | D:9      | 7726 ||| INVOKING Heroism.
  7730 | D:9      | 7730 ||| Stepping ~*~*~tactically~*~*~ (outnumbered).
  7731 | D:9      | 7731 ||| Stepping ~*~*~tactically~*~*~ (outnumbered).
  7802 | D:9      | Reached skill level 6 in Dodging
  7843 | D:9      | 7843 ||| INVOKING Heroism.
  7849 | D:9      | HP: 20/91 [yak (12)]
  7850 | D:9      | 7850 ||| READING 2 scrolls of teleportation.
  7851 | D:9      | 7851 ||| DRINKING 2 potions of heal wounds.
  7878 | D:9      | 7878 ||| INVOKING Heroism.
  8149 | D:9      | Found Rycun's Antique Weapon Boutique.
  8179 | D:9      | Noticed an orange demon
  8185 | D:9      | Noticed a sun demon
  8185 | D:9      | 8185 ||| INVOKING Heroism.
  8195 | D:9      | Reached XP level 11. HP: 37/97 MP: 11/13
  8394 | D:9      | 8394 ||| INVOKING Heroism.
  8399 | D:9      | Reached skill level 14 in Ranged Weapons
  8597 | D:9      | 8597 ||| PLANNING LAIR
  8636 | Lair:1   | Entered Level 1 of the Lair of Beasts
  8637 | Lair:1   | 8637 ||| PLANNING GAUNTLET
  8658 | Lair:1   | 8658 ||| INVOKING Heroism.
  8781 | Lair:1   | 8781 ||| INVOKING Heroism.
  8958 | Lair:1   | You fall into a shaft and drop 1 floor!
  8992 | Lair:2   | 8992 ||| INVOKING Heroism.
  8998 | Lair:2   | HP: 24/99 [elephant (9)]
  8999 | Lair:2   | 8999 ||| READING 2 scrolls of teleportation.
  9000 | Lair:2   | 9000 ||| DRINKING potion of heal wounds.
  9016 | Lair:2   | Noticed a seven-headed hydra
  9017 | Lair:2   | 9017 ||| INVOKING Heroism.
  9027 | Lair:2   | HP: 24/99 [seven-headed hydra (6)]
  9028 | Lair:2   | 9028 ||| READING scroll of teleportation.
  9275 | Lair:2   | 9275 ||| INVOKING Heroism.
  9285 | Lair:2   | Killed a seven-headed hydra
  9285 | Lair:2   | Reached **** piety under Okawaru
  9288 | Lair:2   | Noticed a death yak
  9292 | Lair:2   | Noticed a death yak
  9293 | Lair:2   | Noticed a death yak
  9294 | Lair:2   | Noticed a death yak
  9297 | Lair:2   | Noticed a death yak
  9297 | Lair:2   | Noticed a death yak
  9298 | Lair:2   | Killed a death yak
  9303 | Lair:2   | Reached skill level 15 in Ranged Weapons
  9308 | Lair:2   | 9308 ||| INVOKING Heroism.
  9308 | Lair:2   | HP: 21/99 [death yak (6)]
  9309 | Lair:2   | HP: 5/99 [death yak (17)]
  9310 | Lair:2   | Mangled by a death yak

Levels and vault maps discovered:
D:1:      onia_arrival_mini_spirals, layout_rooms
D:2:      layout_rooms, serial_bayou_crossing, uniq_jessica
D:3:      layout_loops_corners, basic_ecumenical_altar, minmay_box_of_dots
D:4:      layout_loops_ring, nicolae_overflow_hallway_of_the_gods,
          mainiacjoe_overflow_alcove_2, serial_undead, serial_undead_a,
          serial_undead_d, serial_undead_d, serial_undead_f
D:5:      layout_layer_cave, minmay_temple_entry_grid, gammafunk_ghost_split,
          nicolae_kite_square_tiling_tiny, hangedman_feature_mirror,
          goddamned_bats, uniq_eustachio
D:6:      layout_basic, minmay_gold_behind_fungi
D:7:      layout_rooms, kennysheep_mini_moat, serial_shops, shop,
          uniq_prince_ribbit1, uniq_maggie, uniq_pikel, uniq_menkaure
D:8:      layout_basic, chequers_mini_garden, grunt_ministairs_1,
          minmay_misc_feat_roman
D:9:      layout_big_octagon, lair_entry_dummy, serial_shops, shop,
          glass_columns_a, wad_floor_pattern_1, chequers_serial_rivers_micro_e,
          dreamdust_princess_bridge, water_maze_lemuel
Temple:   hellmonk_temple_divided_pantheon
Lair:1:   layout_chaotic_city, gauntlet_entry_generic, lemuel_fruit_tree,
          grunt_megastairs_1, serial_bayou_shore_b
Lair:2:   dreamdust_cave_troll, layout_chaotic_city

Skill      XL: |  1  2  3  4  5  6  7  8  9 10 11 |
---------------+----------------------------------+-----
Ranged Weapons | 3 4 5 6 7 8 10 12 13 15 | 15.0
Fighting       | 2 3 4 5 7 8 9 10 | 10.0
Armour         | 1 2 3 5 |  5.3
Dodging        | 3 4 6 |  6.1
Invocations    | 1 4 5 |  5.1
Spellcasting   | |  1.0
Hexes          | |  2.0

Action                     |  1- 3 |  4- 6 |  7- 9 | 10-12 || total
---------------------------+-------+-------+-------+-------++-------
   Fire: Sling             |    77 |   167 |   462 |       ||   706
         Orcbow            |       |       |    15 |   407 ||   422
 Invoke: Heroism           |       |       |     7 |    13 ||    20
    Use: Scroll            |     2 |     2 |     6 |     7 ||    17
         Potion            |       |       |     3 |     4 ||     7
 Armour: Robe              |     1 |       |       |       ||     1
         Ring mail         |     1 |    31 |   127 |    74 ||   233
  Dodge: Dodged            |    12 |    91 |   389 |   256 ||   748

Table legend:
 A = Non-vault XP
 B = Vault XP
 C = Vault XP percentage of total XP
 D = Non-vault monster count
 E = Vault monster count
 F = Vault count percentage of total count
                 A         B        C        D         E       F
            +---------+---------+-------+---------+---------+-------
      Total |   13365 |    2618 |  16.4 |     199 |      44 |  18.1
            +---------+---------+-------+---------+---------+-------
        D:1 |      46 |       0 |   0.0 |      29 |       0 |   0.0
        D:2 |      21 |      37 |  63.8 |       6 |       1 |  14.3
        D:3 |     121 |      31 |  20.4 |      18 |       4 |  18.2
        D:4 |     500 |     238 |  32.2 |      19 |       7 |  26.9
        D:5 |     887 |     441 |  33.2 |      19 |      23 |  54.8
        D:6 |    1149 |     651 |  36.2 |      28 |       1 |   3.4
        D:7 |     971 |     850 |  46.7 |      11 |       3 |  21.4
        D:8 |     841 |     370 |  30.6 |      28 |       5 |  15.2
        D:9 |    3909 |       0 |   0.0 |      29 |       0 |   0.0
     Lair:1 |     949 |       0 |   0.0 |       3 |       0 |   0.0
     Lair:2 |    3971 |       0 |   0.0 |       9 |       0 |   0.0
            +---------+---------+-------+---------+---------+-------
